[Event "*** Titled Tuesday 3|2 Blitz"]
[Site "Chess.com"]
[Date "2015.11.03"]
[Round "5"]
[White "Dlugy"]
[Black "Noukii"]
[Result "1-0"]
[WhiteElo "2592"]
[BlackElo "2631"]
[TimeControl "180+2"]
[EndTime "18:02:43 PST"]
[Termination "Dlugy won by resignation"]

1. d4 d5 2. Bf4 Nf6 3. e3 e6 4. Nd2 c5 5. c3 Nc6 6. Ngf3 Bd6 7.
Bg3 O-O 8. Bd3 b6 9. O-O Bb7 10. Ne5 Ne7 11. Qb1 Ng6 12. b4 cxd4 13. cxd4 Rc8 14.
Qb2 Qe7 15. a3 Nd7 16. Rfc1 Ndxe5 17. dxe5 Bb8 18. Nf3 Rfd8 19. Rxc8 Rxc8 20. Rc1 Rxc1+ 21. Qxc1 Qc7 22. Qxc7 Bxc7 23. Bb5 a6 24. Bd3 a5 25. b5 Nf8 26. Nd4 Nd7 27. f4 Nc5 28. Bc2 Kf8 29. Bh4 h6 30. Kf1 Bc8 31. Ke2 Bd7 32. g4 Ke8 33. Be1 Bd8 34. h4 Be7 35. a4 Kf8 36. h5 Ke8 37. Bc3 Kf8 38. Nf3 Kg8 39. Bd4 Bf8 40.
Ne1 Be7 41. Nf3 Bf8 42. Nd2 Be7 43. e4 dxe4 44. Nxe4 Nxe4 45. Bxe4 Bd8 46. Bc6 Bc8 47. Ke3 Kf8 48. Ke4 Bc7 49. Bb2 Bd8 50. Ba3+ Be7 51.
Bd6 f6 52. g5 fxg5 53. fxg5 hxg5 54. Kf3 Kf7 55. Kg4 Bd8 56. Ba3 Bc7 57. Bb2 Bd8 58. Bc3 Kg8 59. Bd2 Bc7 60. Be3 Kf7 61. Kxg5 Ke7 62.
Kg6 Kf8 63. Bd4 Kg8 64. Be3 Kf8 65. Bf4 Kg8 66. Be3 Kf8 67. h6 gxh6 68. Bxh6+ Kg8 69.
Kf6 Bd8+ 70. Kg6 Bc7 71. Bg7 1-0

[Event "*** Titled Tuesday 3|2 Blitz"]
[Site "Chess.com"]
[Date "2015.11.03"]
[Round "6"]
[White "simplerXiao"]
[Black "ArnaudovP"]
[Result "0-1"]
[WhiteElo "2338"]
[BlackElo "2324"]
[TimeControl "180+2"]
[EndTime "18:05:32 PST"]
[Termination "ArnaudovP won by resignation"]

1. e4 e5 2. Nf3 Nc6 3. Bc4 Bc5 4. d3 Nf6 5. c3 O-O 6. Nbd2 d5 7. Bb3 a5 8. Qe2 a4 9. Bc2 Be6 10. h3 Re8 11.
O-O h6 12. Rd1 d4 13. Nf1 Bb6 14. g4 a3 15. Ng3 axb2 16. Bxb2 dxc3 17. Bxc3 Nd4 18. Nxd4 Bxd4 19. Bxd4 Qxd4 20. Bb3 Bxb3 21. axb3 Rxa1 0-1

[Event "*** Titled Tuesday 3|2 Blitz"]
[Site "Chess.com"]
[Date "2015.11.03"]
[Round "6"]
[White "jcgs1030"]
[Black "saraswathii"]
[Result "1-0"]
[WhiteElo "2138"]
[BlackElo "1884"]
[TimeControl "180+2"]
[EndTime "18:07:47 PST"]
[Termination "jcgs1030 won on time"]

1. e4 c5 2. Nf3 e6 3. d4 cxd4 4. Nxd4 Nf6 5. Bd3 Nc6 6. Nxc6 bxc6 7. O-O d5 8. Nd2 Bd6 9. Qe2 Qc7 10. h3 O-O 11. b3 Be5 12. Rb1 a5 13. c4 a4 14. Re1 axb3 15. axb3 Ra2 16. exd5 Bf4 17. dxc6 Qxc6 18. Rb2 1-0

[Event "*** Titled Tuesday 3|2 Blitz"]
[Site "Chess.com"]
[Date "2015.11.03"]
[Round "6"]
[White "MMSANCHEZ"]
[Black "Anton_Demchenko"]
[Result "0-1"]
[WhiteElo "2313"]
[BlackElo "2627"]
[TimeControl "180+2"]
[EndTime "18:07:51 PST"]
[Termination "Anton_Demchenko won by resignation"]

1. d4 Nf6 2. Nf3 g6 3. c4 Bg7 4.
Nc3 O-O 5. e4 d6 6. h3 e5 7. d5 a5 8. g4 Na6 9. Be2 Nc5 10. Qc2 c6 11. Nd2 a4 12. Rb1 Bd7 13. b4 axb3 14. axb3 cxd5 15. cxd5 Rc8 16. Bb2 b5 17. g5 Nh5 18. Bxh5 gxh5 19. h4 b4 20. Ne2 Bb5 21. Nc4 Nxb3 22. Qxb3 Rxc4 23. Ng3 Qd7 24. f3 Rfc8 25. Qe3 Rc2 26. Nf5 Re2+ 27. Qxe2 Bxe2 28. Kxe2 Qb5+ 29. Kf2 Rc2+ 30. Kg3 Qe2 0-1

[Event "*** Titled Tuesday 3|2 Blitz"]
[Site "Chess.com"]
[Date "2015.11.03"]
[Round "6"]
[White "Viaje"]
[Black "AdrianaNikolova"]
[Result "0-1"]
[WhiteElo "2210"]
[BlackElo "2214"]
[TimeControl "180+2"]
[EndTime "18:09:02 PST"]
[Termination "AdrianaNikolova won by resignation"]

1. d4 Nf6 2. c4 e6 3. Nc3 Bb4 4. f3 d5 5. a3 Bxc3+ 6. bxc3 O-O 7. cxd5 exd5 8. e3 Bf5 9. Ne2 Re8 10. g4 Bg6 11. h4 h5 12. g5 Nfd7 13. Kf2 c5 14.
Nf4 cxd4 15. cxd4 Nb6 16. Nxg6 fxg6 17. Bd3 Re6 18. Rb1 Nc6 19. Bb2 Qe7 20. Re1 Rf8 21.
Qd2 Qf7 22. Qe2 Rfe8 23. Qd2 Rf8 24. Qd1 Rfe8 25. a4 Na5 26. Ba3 Nac4 27. Bxc4 Nxc4 28.
Rb3 Qf5 29. Bc1 b6 30. Kg2 Na5 31. Rc3 Nc4 32. e4 Qf8 33. e5 Qf5 34. f4 Rc8 35. Re2 Rec6 36. Rec2 Ne3+ 37. Bxe3 Rxc3 38. Rxc3 Rxc3 39.
Kf2 Rc2+ 40. Kf1 Qh3+ 0-1

[Event "*** Titled Tuesday 3|2 Blitz"]
[Site "Chess.com"]
[Date "2015.11.03"]
[Round "6"]
[White "Malev212"]
[Black "DanielNaroditsky"]
[Result "1-0"]
[WhiteElo "2313"]
[BlackElo "2502"]
[TimeControl "180+2"]
[EndTime "18:09:23 PST"]
[Termination "Malev212 won by resignation"]

1. d4 Nf6 2. c4 e6 3. Nf3 d5 4.
Nc3 Bb4 5. Qa4+ Nc6 6. a3 Bxc3+ 7. bxc3 O-O 8. Bg5 h6 9. Bh4 g5 10. Bg3 Ne4 11. e3 Nxc3 12. Qc2 Ne4 13. Bd3 Nxg3 14. hxg3 Kg7 15. Rc1 Qf6 16. O-O Bd7 17. Nh2 h5 18. g4 Rh8 19. f4 hxg4 20. Nxg4 Qe7 21. f5 exf5 22. Bxf5 dxc4 23. d5 Ne5 24. Qc3 f6 25. Nxe5 fxe5 26. Bxd7 Qxd7 27. Qxe5+ Kh7 28.
Rxc4 Rae8 29. Qxg5 Qg7 30. Qf5+ Qg6 31. Rh4+ Kg7 32.
Rg4 1-0

[Event "*** Titled Tuesday 3|2 Blitz"]
[Site "Chess.com"]
[Date "2015.11.03"]
[Round "6"]
[White "ZEN-22"]
[Black "DeviatkinAndrey"]
[Result "0-1"]
[WhiteElo "2179"]
[BlackElo "2458"]
[TimeControl "180+2"]
[EndTime "18:09:51 PST"]
[Termination "DeviatkinAndrey won by resignation"]

1. e3 d5 2. Ne2 e5 3. d4 Nc6 4.
dxe5 Nxe5 5. Nd2 Nf6 6. Nf3 Nxf3+ 7. gxf3 c6 8. a3 Bd6 9. Qd3 O-O 10. Bd2 Nd7 11. f4 Nc5 12. Qd4 Bf5 13. Rg1 Ne6 14.
Qc3 Be7 15. Ng3 Bf6 16. Nxf5 Bxc3 17. Bxc3 f6 18. Bh3 Kh8 19. O-O-O Qe8 20. Nd6 Qe7 21. Nxb7 Qxb7 22. Bxe6 Rae8 23. f5 Rxe6 24. fxe6 Re8 25. e4 Rxe6 26. exd5 cxd5 27. Rg3 h6 28. Rdg1 a6 29.
Kb1 Qe7 30. Rd3 Re2 31. Rxd5 Rxf2 32. h4 Kh7 33. Rd3 Qe2 34. Rd2 Rf1+ 35. Rxf1 Qxf1+ 36. Ka2 Qc4+ 37. Kb1 Qxh4 38. Rd7 Qh1+ 39. Ka2 Qc6 40. Rd4 h5 41. Kb3 g5 42. a4 h4 43. Rc4 Qe6 44.
Kb4 h3 45. Rc7+ Kg6 46. Kc5 h2 47. Rc6 Qxc6+ 0-1

[Event "*** Titled Tuesday 3|2 Blitz"]
[Site "Chess.com"]
[Date "2015.11.03"]
[Round "6"]
[White "ChadaevNikolay"]
[Black "ItalianMachine"]
[Result "0-1"]
[WhiteElo "2548"]
[BlackElo "2271"]
[TimeControl "180+2"]
[EndTime "18:10:22 PST"]
[Termination "ItalianMachine won on time"]

1. e4 e5 2. Nf3 Nc6 3. Bb5 a6 4. Ba4 Nf6 5. O-O b5 6. Bb3 Be7 7. Re1 O-O 8. a4 Rb8 9. axb5 axb5 10. d3 d6 11. Nbd2 h6 12. h3 Be6 13. Bxe6 fxe6 14.
c3 d5 15. exd5 Qxd5 16. Qe2 Nh5 17. Nf1 Bf6 18. N3h2 g6 19. Bxh6 Rfd8 20. Ng4 Qxd3 21. Nxf6+ Nxf6 22. Bg5 Qxe2 23. Rxe2 Kf7 24. Ng3 Rd5 25. Ra6 Rd1+ 26. Kh2 Ng4+ 27. hxg4 Rh8+ 28. Nh5 Rd6 29. Re3 gxh5 30. Rh3 Kg6 31. Be3 Ne7 0-1

[Event "*** Titled Tuesday 3|2 Blitz"]
[Site "Chess.com"]
[Date "2015.11.03"]
[Round "6"]
[White "Noukii"]
[Black "Sadovsky_Artem"]
[Result "1/2-1/2"]
[WhiteElo "2628"]
[BlackElo "2476"]
[TimeControl "180+2"]
[EndTime "18:11:10 PST"]
[Termination "Game drawn by agreement"]

1. d4 g6 2. c4 Bg7 3. Nc3 d6 4. e4 e5 5. dxe5 dxe5 6. Qxd8+ Kxd8 7. f4 Nc6 8. Nf3 Nd4 9. Kf2 Nxf3 10. gxf3 Be6 11.
Be3 exf4 12. Rd1+ Kc8 13. Bxf4 c6 14. Be2 Nf6 15. Rc1 Nh5 16. Be3 Be5 17. Nd5 Re8 18. b3 f5 19. f4 Bxd5 20. cxd5 Bxf4 21. Bxh5 Bxe3+ 22. Kxe3 Rxe4+ 23. Kf3 gxh5 24. dxc6 bxc6 25. Rxc6+ Kb7 26. Rf6 Rae8 27. Rg1 Re3+ 28. Kf4 R3e4+ 29. Kg5 Re2 30. Kh6 R8e7 31. h4 Rxa2 32. Rxf5 Rae2 33. Rg7 Rxg7 34. Kxg7 Re3 35. b4 Re4 36. Rxh5 Rxb4 37. Kxh7 Rg4 38. Rh6 a5 1/2-1/2

[Event "*** Titled Tuesday 3|2 Blitz"]
[Site "Chess.com"]
[Date "2015.11.03"]
[Round "6"]
[White "Tirantes"]
[Black "Alliswell998"]
[Result "1-0"]
[WhiteElo "2241"]
[BlackElo "2103"]
[TimeControl "180+2"]
[EndTime "18:11:33 PST"]
[Termination "Tirantes won by checkmate"]

1. c4 Nf6 2. Nc3 c5 3. g3 e6 4. Nf3 b6 5. Bg2 Bb7 6. O-O Be7 7. Re1 Ne4 8. Nxe4 Bxe4 9. d4 O-O 10. d5 exd5 11.
cxd5 Bf6 12. Bh3 d6 13. Qb3 Nd7 14. Nd2 Bg6 15. Nf3 Ne5 16. Nxe5 dxe5 17. e4 Qd6 18. f3 Rab8 19. a4 h5 20. Be3 h4 21. Qc4 Be7 22.
f4 Rb7 23. f5 Qd7 24. Kg2 Bh5 25. g4 b5 26. axb5 Rxb5 27. Re2 Rb4 28. Qc2 Rfb8 29.
Ra2 Bxg4 30. Bxg4 g6 31. h3 gxf5 32. Bxf5 Qd6 33. Kh2 Kh8 34. Rg2 Bf6 35. Qe2 Bg7 36. Qh5+ Kg8 37. Bh6 Rxb2 38. Bxg7 f6 39. Bh7# 1-0

[Event "*** Titled Tuesday 3|2 Blitz"]
[Site "Chess.com"]
[Date "2015.11.03"]
[Round "6"]
[White "Izoria123"]
[Black "Cryptochess"]
[Result "1-0"]
[WhiteElo "2453"]
[BlackElo "2416"]
[TimeControl "180+2"]
[EndTime "18:12:09 PST"]
[Termination "Izoria123 won by resignation"]

1. e4 d6 2. d4 Nf6 3. Nc3 g6 4. Be3 c6 5. Qd2 b5 6. Bd3 e5 7. dxe5 dxe5 8. Nf3 Qc7 9. h3 Bg7 10.
a4 b4 11. Ne2 a5 12. c3 Na6 13. O-O O-O 14. Ng3 Rd8 15. Qe2 Nd7 16. Bc4 Ndc5 17. cxb4 axb4 18. Ng5 Be6 19. Nxe6 fxe6 20. b3 Bf8 21.
Rad1 Rd6 22. Rxd6 Bxd6 23. Rd1 Qe7 24. Qc2 Nc7 25. Nf1 Rd8 26. Nh2 h5 27. Nf3 Rd7 28.
Bxc5 Bxc5 29. Nxe5 Rxd1+ 30. Qxd1 Qf6 31. Nf3 Kf8 32. h4 Qb2 33. Qe2 Qc1+ 34. Kh2 Ke7 35.
g3 Ne8 36. Ng5 Nf6 37. Kg2 Ng4 38. Nh3 Qc3 39. Qf3 Ne5 40. Qf4 Nxc4 41. bxc4 Qd4 42. Ng5 Qd7 43. Qf7+ Kd8 44. Nxe6+ Kc8 45. Qxd7+ Kxd7 46.
Nxc5+ Kd6 47. Nb3 Ke5 48. Kf3 1-0

[Event "*** Titled Tuesday 3|2 Blitz"]
[Site "Chess.com"]
[Date "2015.11.03"]
[Round "6"]
[White "ilmago"]
[Black "gauranga"]
[Result "1-0"]
[WhiteElo "1911"]
[BlackElo "1947"]
[TimeControl "180+2"]
[EndTime "18:12:14 PST"]
[Termination "ilmago won by resignation"]

1. e4 b6 2. d4 Bb7 3. Bd3 Nf6 4. Qe2 Nc6 5. Nf3 Nb4 6. O-O e6 7. Bd2 Nxd3 8. cxd3 d6 9. Nc3 Be7 10. Rac1 a6 11.
Rfe1 c5 12. dxc5 bxc5 13. d4 cxd4 14. Nxd4 O-O 15. Rc2 Qd7 16. Rec1 Rfc8 17. f3 Bd8 18. Be3 Ba5 19. b3 e5 20. Nf5 g6 21. Nh6+ Kg7 22.
g4 Bxc3 23. Rxc3 d5 24. g5 Nh5 25. Ng4 Rxc3 26. Rxc3 dxe4 27. Nxe5 exf3 28. Qxf3 Qe7 29.
Qxf7+ Qxf7 30. Nxf7 Kxf7 31. Rc7+ Ke6 32. Rxb7 Re8 33.
Rxh7 Kf5 34. Kf2 a5 35. Rf7+ Kg4 36. Bb6 Re5 37. Be3 a4 38. bxa4 Ra5 39. Rd7 Rf5+ 40. Kg2 Re5 41. Rd4+ Kf5 42. Kf3 Rc5 43. Rf4+ Nxf4 44.
Bxc5 Nd3 45. Be3 Nb4 46. a3 Nc6 1-0

[Event "*** Titled Tuesday 3|2 Blitz"]
[Site "Chess.com"]
[Date "2015.11.03"]
[Round "6"]
[White "Dlugy"]
[Black "Boryboy"]
[Result "0-1"]
[WhiteElo "2582"]
[BlackElo "2500"]
[TimeControl "180+2"]
[EndTime "18:12:58 PST"]
[Termination "Boryboy won by resignation"]

1. d4 e6 2. c4 d5 3. Nf3 Nf6 4. g3 dxc4 5. Bg2 Bb4+ 6. Bd2 a5 7. Qc2 Bxd2+ 8. Nbxd2 b5 9. a4 c6 10. Ne5 Nd5 11. O-O f6 12. Nef3 Na6 13. Ne4 O-O 14. Rfd1 Nab4 15. Qd2 Qe7 16. h4 Rd8 17. Nc3 Bd7 18. e4 Nc7 19. Qf4 Be8 20. Bf1 Nc2 21. Rac1 Nxd4 22. Nxd4 Rxd4 23. Rxd4 e5 24. Qe3 exd4 25.
Qxd4 Ne6 26. Qb6 Qa7 27. Qxa7 Rxa7 28. f4 Kf8 29. Kf2 Ke7 30. Ke3 Nc5 31. axb5 cxb5 32.
Nd5+ Kf8 33. e5 Bc6 34. Nc3 fxe5 35. fxe5 Re7 36. Kf4 Rf7+ 37. Ke3 Rf3+ 38. Ke2 Rxg3 39. Rd1 Nd3 40. e6 Bf3+ 41. Kd2 Bxd1 42. Nxd1 Ke7 43.
Nc3 Nxb2 44. Nxb5 Kxe6 45. Nd4+ Kd5 46. Nf5 Rg1 47. Be2 a4 48. Kc3 Nd3 49. Ne3+ Ke4 50. Nxc4 Rc1+ 51. Kd2 Rxc4 52. Bxd3+ Kd4 53. Bxh7 a3 54.
Bb1 Rb4 55. Kc1 Kc3 56. h5 Rh4 0-1

[Event "*** Titled Tuesday 3|2 Blitz"]
[Site "Chess.com"]
[Date "2015.11.03"]
[Round "6"]
[White "LePlusMortel"]
[Black "bugsbunny444"]
[Result "0-1"]
[WhiteElo "2416"]
[BlackElo "2348"]
[TimeControl "180+2"]
[EndTime "18:12:58 PST"]
[Termination "bugsbunny444 won by resignation"]

1. Nf3 d5 2. d4 e6 3. Bf4 Nf6 4. Nbd2 c5 5. e3 Nc6 6. c3 Bd6 7. Bg3 O-O 8. Bd3 Qe7 9. Ne5 Nd7 10. f4 f6 11. Qh5 g6 12. Nxc6 bxc6 13. Qh6 e5 14.
fxe5 fxe5 15. O-O-O cxd4 16. exd4 e4 17. Bc2 Nf6 18.
Bxd6 Qxd6 19. h3 Ba6 20. Qe3 Nh5 21. g4 Nf4 22. Nb3 Ne2+ 23. Kb1 Rf3 24. Qh6 Rb8 25. Ka1 Qf8 26. Qg5 Qf6 27. Qxf6 Rxf6 28. Nc5 Bc8 29. Bb3 Kg7 30. c4 Rd6 31. cxd5 cxd5 32. Rhf1 Bb7 33. Rf2 Ng3 34. Rg1 e3 35. Rf3 Ne4 36.
Rxe3 Nxc5 37. dxc5 Rf6 38. Rd3 Rc8 39. Rc1 Rd8 40.
a3 d4 41. Rc4 Be4 42. Rd1 Re6 43. Rcxd4 Rxd4 44. Rxd4 Re7 45. Rd1 Bc6 46. Rc1 g5 47.
Bc2 Bg2 48. Bf5 Bxh3 49. b4 h5 50. c6 Rc7 51. b5 Bxg4 52. Bxg4 hxg4 53. Rd1 Kf6 54. Rd7 Rxd7 55. cxd7 Ke7 56. b6 axb6 0-1

[Event "*** Titled Tuesday 3|2 Blitz"]
[Site "Chess.com"]
[Date "2015.11.03"]
[Round "6"]
[White "Fh2411"]
[Black "fastestmindalive"]
[Result "1-0"]
[WhiteElo "2328"]
[BlackElo "2315"]
[TimeControl "180+2"]
[EndTime "18:13:08 PST"]
[Termination "Fh2411 won by resignation"]

1. d4 Nf6 2. Nf3 g6 3. g3 Bg7 4. Bg2 O-O 5. O-O d6 6. c4 c6 7.
Nc3 Qa5 8. Bd2 Qh5 9. b4 Bh3 10. Rc1 Ng4 11. e3 e5 12. dxe5 dxe5 13. e4 f5 14. Re1 Na6 15. c5 f4 16. gxf4 Kh8 17.
Ne2 Bxg2 18. Kxg2 Rad8 19. Ng3 Qh6 20. f5 Rxd2 21. Qxd2 Qxd2 22. Nxd2 Nxb4 23. Rc3 Rf7 24. Nc4 Bf8 25. h3 Nh6 26. Nxe5 Re7 27. Ng4 Nxf5 28. Rb1 Nxg3 29. fxg3 Rxe4 30. Nf2 Rd4 31. a3 Nd5 32. Rf3 Bxc5 33. Rxb7 Rd2 34. h4 Ne3+ 35. Kh3 Nf5 36. Ne4 Rd5 37. Nxc5 Rxc5 38. Rd3 Rd5 39. Rxd5 cxd5 40. Rxa7 d4 41. Rd7 Kg8 42.
g4 Ne3 43. Rxd4 Nc2 44. Rd3 Kf7 45. Rc3 Nd4 46. a4 Ke6 47. a5 Nb5 48. Rc5 Nd4 49. a6 Kd6 50. Rc8 Nb5 51. Rh8 Kc6 52. Rxh7 Kb6 53. a7 Nxa7 54. Rxa7 Kxa7 55. h5 1-0

[Event "*** Titled Tuesday 3|2 Blitz"]
[Site "Chess.com"]
[Date "2015.11.03"]
[Round "6"]
[White "SerGo055"]
[Black "jcibarra"]
[Result "0-1"]
[WhiteElo "2413"]
[BlackElo "2544"]
[TimeControl "180+2"]
[EndTime "18:13:26 PST"]
[Termination "jcibarra won on time"]

1. d4 Nf6 2. Nf3 g6 3. c4 d6 4.
Nc3 Bf5 5. Bg5 Ne4 6. Nxe4 Bxe4 7. Nd2 Bf5 8. e4 Bd7 9. Bd3 Bg7 10. Be3 O-O 11. O-O c5 12. dxc5 dxc5 13. Bxc5 Bxb2 14. Rb1 Bg7 15. Nb3 Nc6 16. Qe2 Qc7 17. Ba3 Rfe8 18. Rfd1 Ne5 19. Rbc1 Ng4 20. g3 Ne5 21. Qe3 Ng4 22.
Qe2 Bh6 23. Rc2 Ne5 24. f3 Rad8 25. Bb2 Ba4 26. c5 a6 27. Kg2 Nxd3 28. Rxd3 Bb5 29.
Rxd8 Rxd8 30. Qf2 e5 31. Bc1 Bg7 32. Rd2 h6 33. Rxd8+ Qxd8 34. Qc2 Bf8 35. Be3 h5 36. h4 a5 37. Qd2 Qxd2+ 38. Nxd2 a4 39. a3 f6 40. Nb1 Bc6 41. Nc3 Kf7 42. Kf2 Ke6 43. Ke2 Be7 44. Kd3 g5 45. Kc4 g4 46. fxg4 hxg4 47.
Nd5 Bf8 48. Nc7+ Kd7 49. Nd5 Ke6 50. Nc7+ Kf7 51. Nd5 Kg6 52. Nb4 Bxe4 53. Kb5 f5 54. Kxa4 f4 55. gxf4 exf4 56. Bxf4 Bxc5 57. Bg3 Kh5 58. Kb5 Be7 59. a4 Bxh4 60. Bf4 g3 61. Bxg3 Bxg3 62. a5 Bd6 0-1

[Event "*** Titled Tuesday 3|2 Blitz"]
[Site "Chess.com"]
[Date "2015.11.03"]
[Round "6"]
[White "spirals5"]
[Black "Penguininja"]
[Result "1-0"]
[WhiteElo "2214"]
[BlackElo "2158"]
[TimeControl "180+2"]
[EndTime "18:13:30 PST"]
[Termination "spirals5 won by resignation"]

1. e4 e5 2. Nf3 Nc6 3. Bb5 f5 4. d3 fxe4 5. dxe4 Nf6 6. O-O Bc5 7. Bxc6 bxc6 8. Nxe5 O-O 9. Bg5 d6 10. Nd3 Bd4 11.
c3 Bb6 12. Nd2 Qe8 13. Bxf6 Rxf6 14. Nc4 Qxe4 15. Nxb6 axb6 16. Re1 Qg6 17. f3 Bh3 18. g3 h5 19. Nf2 Be6 20. Qd3 Qf7 21. f4 Bc4 22. Qd2 Bd5 23. b3 b5 24. Ne4 Rf5 25.
Rad1 Qg6 26. Ng5 Raf8 27. h4 Qf6 28. Qd4 Qg6 29. Re2 Bf3 30. Re6 R5f6 31. Rde1 Bg4 32. Re7 Bf5 33. Qf2 c5 34. Rxc7 b4 35. cxb4 cxb4 36.
Ree7 Bg4 37. Rxg7+ Qxg7 38. Rxg7+ Kxg7 39. Qd4 Kg6 40. Ne4 Re6 41. Qd5 Rfe8 42. Qg5+ Kf7 43. Nf2 Re1+ 44. Kg2 R1e2 45. f5 Rxa2 46. Qg6+ Kf8 47. f6 Ree2 48. Qg7+ Ke8 49. f7+ Kd7 50. f8=Q+ Kc6 51.
Qf4 Be6 52. Qgd4 Bd5+ 53. Kf1 Rec2 54. Qxd5+ Kxd5 55. Qe3 Ra1+ 56. Kg2 Raa2 57. g4 hxg4 58. h5 Rxf2+ 59. Qxf2 Rxf2+ 60. Kxf2 Ke5 61. Kg3 Kf5 62. h6 Kg6 63. Kxg4 d5 64. Kf4 Kxh6 65. Ke5 Kg7 66. Kxd5 Kf7 67. Kc4 Ke7 68. Kxb4 Kd6 69. Kb5 Kc7 70. Ka6 Kb8 71. Kb6 Kc8 72. b4 Kb8 73. b5 Ka8 74. Kc7 Ka7 75. b6+ Ka6 76. b7 1-0

[Event "*** Titled Tuesday 3|2 Blitz"]
[Site "Chess.com"]
[Date "2015.11.03"]
[Round "6"]
[White "kikydu96"]
[Black "kharposh"]
[Result "0-1"]
[WhiteElo "2215"]
[BlackElo "2098"]
[TimeControl "180+2"]
[EndTime "18:13:57 PST"]
[Termination "kharposh won by resignation"]

1. e4 e5 2. Nf3 Nc6 3. Bc4 Be7 4. c3 Nf6 5. d3 d6 6. Nbd2 O-O 7. Bb3 h6 8. h3 Re8 9. Nf1 Bf8 10. Ng3 d5 11.
Qe2 g6 12. O-O Bg7 13. Be3 Be6 14. Rad1 d4 15. cxd4 Bxb3 16. axb3 Nxd4 17. Nxd4 exd4 18. Bd2 c5 19. f4 Nd5 20. Qf3 Ne3 21. Bxe3 dxe3 22.
Kh1 Bd4 23. f5 Qf6 24. Qg4 Qg5 25. Qf3 Rf8 26. Rde1 a5 27. Ne2 a4 28. b4 b6 29.
Nxd4 cxd4 30. f6 a3 31. bxa3 Rxa3 32. Qe2 Rfa8 33. Rc1 Ra2 34. Rc2 Ra1 35. Rc8+ Rxc8 36. Rxa1 b5 37. Rf1 Kh7 38. Qb2 Rc3 39. Qe2 Qe5 40. Qa2 Rc7 41. Qb2 Qg3 42. Qa2 g5 43.
Ra1 Kg6 44. Qd5 e2 45. Qf5+ Kh5 46. Qf3+ Qxf3 47. gxf3 Rc6 48. Re1 Rxf6 49. Kg2 Rc6 50. Rxe2 Rc3 51. Ra2 Rxd3 52. Ra5 Kh4 53. Rxb5 Rd2+ 54.
Kf1 Kg3 55. Rf5 d3 56. Ke1 Rb2 57. Rxf7 d2+ 58. Kd1 Kf2 59. Rc7 Kxf3 60. e5 Rxb4 61. Kxd2 Rd4+ 62. Kc3 Re4 63. Rh7 Rxe5 64. Rxh6 Rd5 65.
Kc4 Rd8 66. Kc3 Kg3 67. Kc4 Rd2 68. Rh5 Kf4 69. Kc3 Rd8 70. Kc4 Kf5 71. Kc5 Kg6 0-1

[Event "*** Titled Tuesday 3|2 Blitz"]
[Site "Chess.com"]
[Date "2015.11.03"]
[Round "6"]
[White "Aygehovit1992"]
[Black "GrigorGrigorov"]
[Result "0-1"]
[WhiteElo "2462"]
[BlackElo "2429"]
[TimeControl "180+2"]
[EndTime "18:14:35 PST"]
[Termination "GrigorGrigorov won by checkmate"]

1. e4 g6 2. d4 Bg7 3. Nc3 c6 4. Be3 d5 5. e5 f6 6. f4 Nh6 7. Nf3 Bg4 8. h3 Bxf3 9. Qxf3 O-O 10. exf6 exf6 11. g4 f5 12. O-O-O Nd7 13. g5 Nf7 14. h4 Re8 15. h5 Nf8 16. Bf2 Nd6 17. Qh3 b5 18. Nb1 Ne4 19. Be3 Qa5 20. a3 b4 21.
axb4 Qxb4 22. c3 Qb6 23. Rh2 Rab8 24. Rc2 Qa5 25. Bd3 Nd6 26. Na3 Re7 27. Kd2 Reb7 28.
Rb1 Rb3 29. Qh1 Qb6 30. h6 Bh8 31. Ra1 Ne6 32. Qc1 Qc7 33. Ke2 Re8 34. Kf3 Qd7 35. Qg1 Re7 36. Re2 Rb8 37. Nb1 Rbe8 38. Nd2 Qc7 39. Qg3 Ne4 40. Bxe4 fxe4+ 41. Kg2 Rf7 42. Rf1 Ref8 43. Ref2 Rf5 44. b4 a5 45. Nb3 axb4 46.
cxb4 Qb6 47. Nc5 Nxd4 48. Nd7 Qxb4 49. Nxf8 Qxf8 50. Rb1 Ne6 51. Rc1 d4 52. Rxc6 Qe8 53. Rfc2 dxe3 54. Rc8 Nd8 55. Qxe3 Rd5 56. Qb3 Qd7 57. Rd2 Qxc8 58. Qxd5+ Ne6 59. Qxe4 Ba1 60. Re2 Kf7 61. Ra2 Bd4 62. Ra7+ Bxa7 63. f5 Nxg5 64. fxg6+ hxg6 65. Qf4+ Kg8 66. Qxg5 Qb7+ 67. Kh2 Kh7 68. Qd2 Bb8+ 69. Kg1 Be5 70. Qg5 Bh8 71. Kh2 Qb2+ 72. Kh3 Qc3+ 73. Kg2 Qe5 74. Qd2 g5 75. Qd8 Kxh6 76.
Qg8 Bg7 77. Kh3 Qe3+ 78. Kg4 Qf4+ 79. Kh3 g4+ 80. Kg2 Qf3+ 81. Kg1 Bd4+ 82. Kh2 Qh3# 0-1

[Event "*** Titled Tuesday 3|2 Blitz"]
[Site "Chess.com"]
[Date "2015.11.03"]
[Round "6"]
[White "wanyaland"]
[Black "AlexanderL"]
[Result "1-0"]
[WhiteElo "2250"]
[BlackElo "2540"]
[TimeControl "180+2"]
[EndTime "18:14:49 PST"]
[Termination "wanyaland won on time"]

1. d4 e6 2. c4 Nf6 3. Nc3 d5 4. e3 Be7 5. Nf3 O-O 6. Bd3 dxc4 7. Bxc4 c5 8. O-O cxd4 9. exd4 Nc6 10. Be3 b6 11. h3 Bb7 12. Qe2 Nb4 13. Ne5 Nbd5 14.
Bd2 Rc8 15. Rac1 Re8 16. Rfe1 Bf8 17. Bd3 Re7 18. Bb1 Rec7 19. Nb5 Rxc1 20. Rxc1 Rxc1+ 21. Bxc1 a6 22. Nc3 Qc8 23. Bd2 b5 24. Kh2 Qc7 25. f4 g6 26. Qf2 Bg7 27. Ne4 Nxe4 28. Bxe4 Nf6 29. Bxb7 Qxb7 30. Qe2 Qd5 31. Qd3 Qxa2 32. Qc3 h6 33. Qc8+ Kh7 34. Qb7 Qxb2 35. Qxf7 Qc2 36.
Bb4 Qf5 37. Bd2 Ne4 38. Qxf5 gxf5 39. Be1 Bxe5 40. fxe5 h5 41. Kg1 Kg6 42. Kf1 Kf7 43. Ke2 Ke7 44. Ke3 Ng5 45. Kf4 Nf7 46. Kg3 Kd7 47. Kh4 Kc6 48. Kxh5 Kd5 49. Kg6 Nh8+ 50.
Kg7 Kxd4 51. h4 Kc4 52. h5 b4 53. Bxb4 Kxb4 54. h6 a5 55. h7 a4 56. Kxh8 a3 57.
Kg8 a2 58. h8=Q a1=Q 59. Kf7 Qa2 60. Qb8+ Kc3 61. Qc8+ Kd4 62. Qxe6 Qxg2 63. Qd6+ Ke3 64. e6 Qb7+ 65. e7 f4 66. Kf8 Qc8+ 67. e8=Q+ Qxe8+ 68. Kxe8 f3 69. Qe5+ Kd3 70. Qf4 Ke2 71. Qe4+ 1-0

[Event "*** Titled Tuesday 3|2 Blitz"]
[Site "Chess.com"]
[Date "2015.11.03"]
[Round "6"]
[White "WanderingPuppet"]
[Black "chesstatour"]
[Result "1-0"]
[WhiteElo "2163"]
[BlackElo "1925"]
[TimeControl "180+2"]
[EndTime "18:14:54 PST"]
[Termination "WanderingPuppet won by resignation"]

1. e4 c6 2. Nc3 d5 3. Nf3 dxe4 4.
Nxe4 Nf6 5. Nxf6+ gxf6 6. Bc4 Bf5 7. d3 e6 8. Nh4 Bg6 9. Qf3 Nd7 10. Nxg6 hxg6 11.
Bb3 Bd6 12. h3 Qa5+ 13. Kf1 O-O-O 14. Qe2 g5 15. Be3 Ne5 16. d4 Ng6 17. c3 Bf4 18. g3 Bxe3 19. Qxe3 Rd7 20. Kg2 Rg8 21. Rae1 Qf5 22.
Kf1 Rh8 23. Kg2 Rdd8 24. Qe4 Qxe4+ 25. Rxe4 f5 26. Re2 f4 27. Kf3 Rh7 28. Kg4 fxg3 29. fxg3 Ne7 30. Bc2 Rg7 31. Kf3 Kd7 32. Rhe1 Re8 33.
a3 Nf5 34. Bxf5 Rh8 35. Bd3 Rxh3 36. Rg2 f5 37. Kf2 g4 38. Reg1 Rgh7 39. Re1 Kd6 40. c4 b6 41. b4 a5 42. bxa5 bxa5 43. Rb1 Rh2 44. Rb6 Rxg2+ 45. Kxg2 Rc7 46. Ra6 e5 47. dxe5+ Kxe5 48. Be2 Kd4 49. Rxa5 Ke3 50. Re5+ Kd4 51. Rxf5 Ra7 52. Rf4+ Ke3 53. Bxg4 Rb7 54. Bf5 Rb2+ 55. Kh3 Rb3 56. Kg4 Rb2 57. Rf3+ Kd4 58. Be6 Rb8 59. Bf7 c5 60. Bd5 Rd8 61. Rf4+ Ke5 62.
Rf5+ Kd4 63. Kf3 Rd7 64. Rf4+ Ke5 65. Re4+ Kf6 66. Re3 Ra7 67. g4 Kg5 68. Re5+ Kf6 69. Re6+ Kg5 70. Re3 Kf6 71. Kf4 Kg7 72. g5 Rd7 73.
Kf5 Rd8 74. g6 Rf8+ 75. Kg5 Re8 76. Rf3 Re5+ 77. Rf5 Re8 78. Rf7+ Kh8 79. g7+ Kh7 80. g8=Q+ Kxg8 81. Re7+ Kf8 82. Rxe8+ Kxe8 83. Kf5 Kd7 84. Ke5 Kc7 85. Ke6 Kb6 86. Kd6 1-0

[Event "*** Titled Tuesday 3|2 Blitz"]
[Site "Chess.com"]
[Date "2015.11.03"]
[Round "6"]
[White "Shivagami"]
[Black "Tesla17"]
[Result "1/2-1/2"]
[WhiteElo "1781"]
[BlackElo "2202"]
[TimeControl "180+2"]
[EndTime "18:15:00 PST"]
[Termination "Game drawn - insufficient material"]

1. Nc3 Nf6 2. d4 d5 3. Bg5 h6 4. Bh4 c6 5. Nf3 Bf5 6. e3 Nbd7 7. Bd3 Bxd3 8. Qxd3 Qb6 9. O-O-O e6 10. e4 dxe4 11. Nxe4 O-O-O 12. Rhe1 Qa5 13. Kb1 Be7 14. Qe3 Nd5 15.
Qb3 N7f6 16. Bxf6 gxf6 17. Nfd2 f5 18. Nc4 Qb5 19. Ned2 Qxb3 20. Nxb3 Bf6 21. Ne5 Bxe5 22. dxe5 b6 23. Nd4 Kc7 24. Rd3 a6 25. Ne2 h5 26.
a3 h4 27. h3 Rhg8 28. g3 c5 29. c4 Ne7 30. Red1 Rxd3 31. Rxd3 Nc6 32. Re3 Rd8 33.
f4 hxg3 34. Rxg3 Rd2 35. Nc3 Kd7 36. Rg7 Ke7 37. h4 Rh2 38. Rh7 Nd4 39. Rh8 Rh1+ 40. Ka2 Rf1 41. h5 Rxf4 42. h6 Rh4 43. h7 Rh2 44. a4 Nf3 45. Rb8 Rxh7 46. Rxb6 Nd4 47.
Rxa6 Rh8 48. Ra7+ Kf8 49. Ra8+ Kg7 50. Rxh8 Kxh8 51. a5 Nc6 52. a6 f4 53. Ne4 f3 54.
Kb1 Kg7 55. Kc1 Kg6 56. Kd2 Kf5 57. Ke3 Kxe5 58. Nxc5 f5 59. Nd3+ Kd6 60. b4 e5 61.
b5 e4 62. Nf4 Ne5 63. c5+ Kxc5 64. a7 Nc4+ 65. Kf2 Nb6 66. Ne6+ Kxb5 67. Nd4+ Ka6 68. Nxf5 Kxa7 69. Ng3 Nd5 70. Nxe4 Nf4 71. Kxf3 1/2-1/2